 Dungeon Crawl Stone Soup version 0.29.0-13-gc9e81de378 (webtiles) character file.

Game seed: 11581353306053357725

25 Ofeo the Digger (level 3, -2/26 HPs)
             Began as a Meteoran Earth Elementalist on Sept 10, 2022.
             Slain by an iguana (13 damage)
             ... on level 4 of the Dungeon.
             The game lasted 00:02:31 (260 turns).

Ofeo the Digger (Meteoran Earth Elementalist)        Turns: 260, Time: 00:02:32

Health: -2/26      AC:  2    Str:  9    XL:     3   Next: 35%
Magic:  15/17      EV: 16    Int: 19    God:
Gold:   50         SH:  0    Dex: 14    Spells: 2/8 levels left

rFire   . . .      SeeInvis .   d - +5 flail (protect)
rCold   . . .      Faith    .   (no shield)
rNeg    . . .      Spirit   .   a - +0 robe
rPois   .          Reflect  .   (no helmet)
rElec   .          Harm     .   (no cloak)
rCorr   .          Rampage  .   (no gloves)
Will    .....                   (no boots)
Stlth   +.........              (no amulet)
HPRegen 0.08/turn               c - +4 ring of evasion
MPRegen 0.15/turn               h - ring of magical power

@: glowing
A: sense surroundings 1, otherworldly, glowing, explore regen
a: no special abilities


You were on level 4 of the Dungeon.
You visited 1 branch of the dungeon, and saw 4 of its levels.

You collected 50 gold pieces.

Inventory:

Hand Weapons
 d - a +5 flail of protection (weapon)
Missiles
 f - 4 atropa-tipped darts
Armour
 a - a +0 robe (worn)
Jewellery
 c - a +4 ring of evasion (left hand)
 g - a ring of poison resistance
 h - a ring of magical power (right hand)
Scrolls
 e - 2 scrolls of torment
 i - 3 scrolls of identify {@r1}
Potions
 b - 2 potions of magic
 j - a potion of attraction {unknown}


   Skills:
 + Level 2.8 Dodging
 + Level 1.7 Stealth
 + Level 3.0 Spellcasting
 + Level 1.9 Transmutations
 + Level 3.9 Earth Magic


You had 2 spell levels left.
You knew the following spells:

 Your Spells              Type           Power      Damage    Failure   Level
a - Sandblast             Erth           34%        2d9       3%          1
b - Passwall              Tmut/Erth      11%        N/A       7%          2
c - Stone Arrow           Conj/Erth      20%        3d8       21%         3

Your spell library contained the following spells:

 Spells                   Type           Power      Damage    Failure   Level
 Petrify                  Tmut/Erth      14%        N/A       41%         4


Dungeon Overview and Level Annotations

Branches:
Dungeon (4/15) Zot: 2132
 Temple: D:4-7

Altars:


Innate Abilities, Weirdness & Mutations

You passively map a small area around you.
You are easily found by Zot.
You glow in the dark.
You regain HP and MP as you explore.


Message History

You remove your ring of poison resistance.
You feel your magic capacity increase.
h - a ring of magical power (right hand)
You regained 5 mp, and now have 13/17 mp.
You regained 2 mp, and now have 15/17 mp.
Found 9 gold pieces.
MP restored: 17
Found a scroll labelled HEM HUJEGIO.
Okay, then.
An orc comes into view. It is wielding a +0 whip.
The orc shouts!
You hear an angry hiss.
An iguana comes into view.
Found a scroll labelled ETRAXA RUEDINU.
Casting: Sandblast (safe; 3% risk of failure)
Confirm with . or Enter, or press ? or * to list all spells.
The blast of sand hits the orc.
The orc is heavily wounded.
The orc misses you.
Casting: Sandblast (safe; 3% risk of failure)
Confirm with . or Enter, or press ? or * to list all spells.
The blast of sand hits the orc.
You kill the orc!
You now have 16/17 mp.
Casting: Sandblast (safe; 3% risk of failure)
Confirm with . or Enter, or press ? or * to list all spells.
The blast of sand hits the iguana!
The iguana is heavily wounded.
The iguana bites you! x2
You take 15 damage, and have 11/26 hp.
MASSIVE DAMAGE!!
You now have 15/17 mp.
Casting: Sandblast (safe; 3% risk of failure)
Confirm with . or Enter, or press ? or * to list all spells.
The spell is quite dangerous to miscast (21% risk of failure)!
Continue anyway?
Okay, then.
You barely miss the iguana.
The iguana is heavily wounded.
The iguana bites you!
Ouch! That really hurt!
You die...

, , , , ........ #.. ,
,....... #... , ,..
#......##.... , ,
....##.#?.......?. *
......#.#.......... ,
......#..#...$......
.............)......# *
,, .............@l......
.......................
,,
.......................
,
#......................
#..................##..,
......#............# .
,,,
).................... ,
,
..........>..##..#.##.,
* ,
.............##.####, *


You could see an iguana.

Vanquished Creatures
  An adder (D:2)
  2 orcs
  A ball python (D:1)
  2 endoplasms
  A giant cockroach (D:1)
  A goblin (D:2)
  A hobgoblin (D:2)
  2 kobolds
  2 bats
13 creatures vanquished.

Vanquished Creatures (others)
  2 plants (D:3)
2 creatures vanquished.

Grand Total: 15 creatures vanquished

Notes
Turn   | Place    | Note
-------+----------+-------------------------------------------
     0 | D:1      | Ofeo the Meteoran Earth Elementalist began the quest for
                  | the Orb.
     0 | D:1      | Reached XP level 1. HP: 14/14 MP: 5/5
    26 | D:1      | Reached XP level 2. HP: 17/20 MP: 0/6
    27 | D:1      | Found a faded altar of an unknown god.
   145 | D:2      | Reached XP level 3. HP: 26/26 MP: 2/8
   148 | D:2      | Learned a level 2 spell: Passwall
   152 | D:2      | Learned a level 3 spell: Stone Arrow
   227 | D:3      | Identified a scroll of acquirement
   234 | D:4      | Acquired a +5 flail of protection
   260 | D:4      | Slain by an iguana

Illustrated notes

Levels and vault maps discovered:
D:1:      amcnicky_arrival_gap_in_the_tavern_cellar, layout_loops_ring,
          hellmonk_ecumenical_altar_lost_god
D:2:      layout_basic, minivault_26
D:3:      layout_rooms, mainiacjoe_overflow_boulevard, portal_sewer_entry_d,
          nicolae_figureground_sparkle
D:4:      layout_cave_pools, minmay_temple_entry_purple_smoke,
          grunt_ministairs_9

Skill      XL: |  1  2 |
---------------+-------+-----
Spellcasting   | 3 |  3.0
Dodging        | |  2.8
Stealth        | |  1.7
Transmutations | |  1.9
Earth Magic    | |  3.9

Action                   || total
-------------------------++-------
Melee: Unarmed           ||     2
       Flail             ||     1
 Cast: Sandblast         ||    19
  Use: Scroll            ||     4
Armor: Robe              ||     1
Dodge: Dodged            ||     9
